 Dungeon Crawl Stone Soup version 0.28.0 (webtiles) character file.

Game seed: 10957999845537242266

7395 browni3141 the Cleaver (level 10, -2/94 HPs)
             Began as a Minotaur Berserker on Feb 17, 2022.
             Was a Priest of Trog.
             Slain by a kobold brigand (5 damage)
             ... on level 10 of the Dungeon.
             The game lasted 00:05:25 (10458 turns).

browni3141 the Cleaver (Minotaur Berserker)        Turns: 10458, Time: 00:05:25

Health: -2/94      AC: 10    Str: 25    XL:     10   Next: 92%
Magic:  9/9        EV: 11    Int:  4    God:    Trog [***...]
Gold:   355        SH:  0    Dex: 11    Spells: 9/9 levels left

rFire   . . .      SeeInvis .   G - +0 war axe
rCold   . . .      Faith    .   (no shield)
rNeg    . . .      Spirit   .   e - +0 scale mail {Will+}
rPois   .          Reflect  .   (helmet restricted)
rElec   .          Harm     .   (no cloak)
rCorr   .          Rampage  .   (no gloves)
Will    +....                   t - +0 pair of boots
Stlth   ..........              (no amulet)
HPRegen 0.25/turn               Y - +4 ring of slaying
MPRegen 0.11/turn               (no ring)

@: on berserk cooldown, slowed, very slow
A: horns 2, retaliatory headbutt
a: Renounce Religion, Berserk, Trog's Hand


You were on level 10 of the Dungeon.
You worshipped Trog.
Trog was most pleased with you.
You visited 1 branch of the dungeon, and saw 10 of its levels.
You visited the Abyss 1 time.

You collected 451 gold pieces.
You spent 96 gold pieces at shops.


Innate Abilities, Weirdness & Mutations

You have a pair of horns on your head.
You reflexively headbutt those who attack you in melee.


   Skills:
 + Level 10.8 Fighting
 * Level 14.4 Axes
 + Level 10.4 Armour
 - Level 2.1 Dodging


You had 9 spell levels left.
You didn't know any spells.
Your spell library was empty.

Inventory:

Hand Weapons
 a - a +0 hand axe
 G - a +0 war axe (weapon)
Armour
 b - a +0 animal skin
 e - a +0 scale mail of willpower (worn)
 t - a +0 pair of boots (worn)
Jewellery
 Y - a +4 ring of slaying (left hand)
Wands
 n - a wand of flame (86)
Scrolls
 h - a scroll of holy word
 i - a scroll of fog {unknown}
 k - 2 scrolls of enchant weapon {unknown}
 l - 2 scrolls of brand weapon
 q - a scroll of magic mapping {unknown}
 v - 2 scrolls of immolation {!r}
 x - 4 scrolls of teleportation {@r4}
 y - a scroll of amnesia
 z - 2 scrolls of acquirement {unknown}
 A - a scroll of enchant armour {unknown}
 D - 2 scrolls of blinking {unknown}
 F - a scroll of noise {unknown}
Potions
 c - 4 potions of haste {unknown}
 d - a potion of berserk rage {unknown}
 f - 4 potions of might {unknown}
 j - 3 potions of lignification {!q}
 m - 2 potions of flight {unknown}
 o - a potion of resistance {unknown}
 p - a potion of mutation {unknown}
 r - 2 potions of attraction {unknown}
 s - 2 potions of ambrosia {unknown}
 u - a potion of invisibility {unknown}
 w - 3 potions of heal wounds {unknown}
 B - 2 potions of degeneration {unknown}
 C - a potion of cancellation {unknown}
 E - a potion of curing {@q1}

Dungeon Overview and Level Annotations

Branches:
Dungeon (10/15)            Temple (0/1) D:5             Orc (0/2) D:10
   Lair: D:8-11

Altars:
Dithmenos
Gozag
Kikubaaqudgha
Qazlal
Ru
Sif Muna
Uskayaw
Xom
Zin

Shops:
D:5 ([(! D:8

! #.......##########.##
#.......'..##....>...
###.......##<.#........
#.........###..........
#.#.......# ###........
#.#######.# #........
#.#8...8#.# #........
#)#))...#.# #........
#.)))K@.#. #........
#.#))...# ##.######
#.#8...8# #...###
#.########## ###...#
#.# #...# #####'##
#.########.#####.......
#...........##.........
##...^......##.#.......
#.....................


You could see a kobold brigand.


Message History

You feel the power of Trog in you as your rage grows.
You kill the ogre!
Trog accepts your kill. The orc warrior barely misses you. The troll bites you.
* * * LOW HITPOINT WARNING * * *
The troll barely misses you. The troll claws you but does no damage.
You are too injured to fight recklessly!
You slice the orc warrior!!
You kill the orc warrior!
Trog accepts your kill.
You slash the troll!
You kill the troll!
Trog accepts your kill.
You slash the kobold brigand!
You are too injured to fight recklessly!
The kobold brigand hits you with a +0 whip.
* * * LOW HITPOINT WARNING * * *
Items here: ( )) [.
You are too injured to fight recklessly!
You feel a strong urge to attack something.
You are no longer berserk.
You are exhausted.
You feel yourself slow down. The kobold brigand barely misses you.
There is a staircase to the Orcish Mines here.
You are too injured to fight recklessly!
You are too injured to fight recklessly!
You completely miss the kobold brigand.
The kobold brigand is moderately wounded.
The kobold brigand hits you with a +0 whip.
You die...

Skill      XL: |  1  2  3  4  5  6  7  8  9 10 |
---------------+-------------------------------+-----
Axes           | 4 5 6 7 8 10 12 14 | 14.4
Fighting       | 4 5 6 8 9 10 | 10.8
Armour         | 3 4 5 6 7 9 10 | 10.4
Dodging        | |  2.1

Action                   |  1- 3 |  4- 6 |  7- 9 | 10-12 || total
-------------------------+-------+-------+-------+-------++-------
Melee: Hand axe          |    76 |   111 |   219 |       ||   406
       Headbutt          |    13 |     9 |    54 |    13 ||    89
       Punch             |     2 |     2 |     7 |       ||    11
       War axe           |       |       |    13 |    92 ||   105
Invok: Berserk           |     1 |     1 |     7 |     4 ||    13
       Trog's Hand       |       |       |     1 |       ||     1
  Use: Scroll            |       |       |     6 |       ||     6
Armor: Scale mail        |    26 |    42 |    92 |    49 ||   209
       Animal skin       |     1 |       |       |       ||     1
Dodge: Dodged            |    50 |    61 |    97 |    64 ||   272

Levels and vault maps discovered:
D:1:      dpeg_arrival_oval, layout_basic, serial_corexii_hall,
          corexii_hall_statues_l, corexii_hall_statues_deadend,
          grunt_decor_resistance, minmay_bisected
D:2:      layout_basic, uniq_sigmund
D:3:      minmay_razor_zed, layout_rooms, hellmonk_ecumenical_altar_heavens_door
D:4:      layout_basic, interstate_on_off, grunt_decor_cap, uniq_natasha
D:5:      layout_basic, nicolae_ru_awakened_eye, temple_green,
          nicolae_wooded_promenade, kennysheep_generic_room_14
D:6:      layout_loops_ring, nicolae_kikubaaqudgha_miasma_corner
D:7:      layout_loops_corners, uniq_joseph, uniq_maggie
D:8:      layout_gridville, serial_shops,
          nicolae_shop_temple_entry_statues_fountains
D:9:      layout_long_grid, serial_shops, shop, minmay_ruined_shrine, uniq_pikel
D:10:     layout_roguey, grunt_temple_overflow_open,
          grunt_lair_entry_orc_guard_hut,
          kennysheep_orc_monster_closet_entryway,
          nicolae_concentric_dashed_squares_wild,
          hellmonk_guarded_unrand_vitality_bloodlust

Notes
Turn   | Place    | Note
-------+----------+-------------------------------------------
     0 | D:1      | browni3141 the Minotaur Berserker began the quest for the
                  | Orb.
     0 | D:1      | Reached XP level 1. HP: 19/19 MP: 0/0
   584 | D:1      | Reached skill level 4 in Axes
   588 | D:1      | Reached XP level 2. HP: 23/27 MP: 1/1
  1383 | D:2      | Reached skill level 4 in Fighting
  1383 | D:2      | Reached skill level 3 in Armour
  1435 | D:2      | Reached XP level 3. HP: 33/33 MP: 2/2
  2393 | D:2      | Noticed Sigmund
  2402 | D:2      | Killed Sigmund
  2403 | D:2      | Reached skill level 5 in Axes
  2403 | D:2      | Reached skill level 4 in Armour
  2403 | D:2      | Reached XP level 4. HP: 22/41 MP: 3/3
  2403 | D:2      | Reached XP level 5. HP: 25/47 MP: 4/4
  2671 | D:3      | Reached skill level 6 in Axes
  2790 | D:3      | Reached skill level 5 in Fighting
  3000 | D:3      | Reached ** piety under Trog
  3062 | D:3      | Reached XP level 6. HP: 53/56 MP: 5/5
  3485 | D:3      | Found a faded altar of an unknown god.
  3820 | D:4      | Noticed Natasha
  3835 | D:4      | Killed Natasha
  3968 | D:4      | Noticed a steam dragon
  3974 | D:4      | Killed a steam dragon
  3975 | D:4      | Reached skill level 7 in Axes
  4468 | D:4      | Noticed Natasha
  4472 | D:4      | Killed Natasha
  4473 | D:4      | Reached skill level 5 in Armour
  4473 | D:4      | Reached XP level 7. HP: 50/62 MP: 6/6
  4720 | D:5      | Entered Level 5 of the Dungeon
  4786 | D:5      | Reached skill level 6 in Fighting
  4857 | D:5      | Found a sacrificial altar of Ru.
  5027 | D:5      | Reached skill level 8 in Axes
  5319 | D:5      | Found a staircase to the Ecumenical Temple.
  5333 | D:5      | Found Wenila's Distillery.
  5334 | D:5      | Found Setek's Antique Armour Shoppe.
  5335 | D:5      | Found Veel's Weapon Boutique.
  5336 | D:5      | Found Igyosu's Antique Weapon Emporium.
  5743 | D:6      | Reached skill level 6 in Armour
  5743 | D:6      | Reached XP level 8. HP: 71/71 MP: 7/7
  5751 | D:6      | Reached skill level 9 in Axes
  5875 | D:6      | Found an ancient bone altar of Kikubaaqudgha.
  5892 | D:6      | Reached skill level 7 in Fighting
  6128 | D:6      | Noticed a gargoyle
  6134 | D:6      | Killed a gargoyle
  6135 | D:6      | Reached skill level 10 in Axes
  6135 | D:6      | Reached skill level 7 in Armour
  6565 | D:7      | Reached skill level 8 in Fighting
  6565 | D:7      | Reached XP level 9. HP: 69/81 MP: 8/8
  6618 | D:7      | Reached *** piety under Trog
  6625 | D:7      | Noticed Maggie
  6642 | D:7      | You are cast into the Abyss!
  6642 | D:7      | Cast into level 2 of the Abyss (Maggie)
  6723 | Abyss:3  | Noticed a wretched star
  6751 | Abyss:3  | Killed a wretched star
  6760 | Abyss:3  | Found a corrupted altar of Lugonu.
  6788 | Abyss:3  | Noticed a starcursed mass
  6810 | Abyss:3  | Killed a starcursed mass
  6820 | D:7      | You pass through the gate.
  6820 | D:7      | Escaped the Abyss
  7002 | D:7      | Killed Maggie
  7003 | D:7      | Reached skill level 11 in Axes
  7256 | D:7      | Reached skill level 8 in Armour
  7515 | D:7      | Noticed Joseph
  7527 | D:7      | Killed Joseph
  8101 | D:8      | Found Ufem's Distillery.
  8109 | D:8      | Bought a potion of lignification for 48 gold pieces
  8109 | D:8      | Bought a potion of curing for 48 gold pieces
  8195 | D:8      | Reached skill level 9 in Fighting
  8195 | D:8      | Reached skill level 12 in Axes
  8921 | D:9      | Noticed a centaur warrior
  8930 | D:9      | Noticed a centaur warrior
  8936 | D:10     | Entered Level 10 of the Dungeon
  9102 | D:10     | Noticed a gargoyle
  9106 | D:10     | Reached skill level 9 in Armour
  9110 | D:10     | Reached XP level 10. HP: 85/91 MP: 9/9
  9138 | D:10     | Killed a gargoyle
  9139 | D:10     | Reached skill level 13 in Axes
  9506 | D:10     | Reached skill level 10 in Fighting
 10115 | D:10     | Reached skill level 10 in Armour
 10121 | D:10     | Found a hide-covered altar of Uskayaw.
 10122 | D:10     | Found a shimmering blue altar of Sif Muna.
 10122 | D:10     | Found a stormy altar of Qazlal.
 10373 | D:10     | Found a shimmering altar of Xom.
 10373 | D:10     | Found a glowing silver altar of Zin.
 10383 | D:10     | Found an opulent altar of Gozag.
 10387 | D:10     | Found a shadowy altar of Dithmenos.
 10438 | D:10     | Found a staircase to the Orcish Mines.
 10446 | D:10     | Reached skill level 14 in Axes
 10452 | D:10     | HP: 8/141 [ogre (26)]
 10455 | D:10     | HP: 3/141 [kobold brigand (4)]
 10458 | D:10     | Slain by a kobold brigand

Vanquished Creatures
  A starcursed mass (Abyss:3)
  A wretched star (Abyss:3)
  Joseph (D:7)
  Maggie (D:7)
  2 gargoyles
  A troll (D:10)
  A hornet (D:9)
  A meliai zombie (D:10)
  A wraith (D:10)
  Sigmund (D:2)
  5 yaks (D:10)
  A steam dragon (D:4)
  A water moccasin (D:8)
  3 sky beasts (D:6)
  5 orc warriors
  A black bear (D:8)
  4 ogres
  3 centaurs
  A phantom (D:6)
  6 kobold brigands
  2 bullfrogs (D:8)
  3 scorpions
  2 water moccasin zombies (D:5)
  A wyvern skeleton (D:7)
  12 killer bees
  4 centaur zombies
  2 jellies (D:5)
  2 orc priests
  3 hounds
  A bullfrog skeleton (D:5)
  2 iguanas
  Natasha (twice) (D:4)
  5 orc wizards
  A killer bee zombie (D:5)
  A hound zombie (D:5)
  3 howler monkey zombies
  2 gnolls (D:10)
  5 adders
  A howler monkey skeleton (D:6)
  A shadow imp (D:5)
  2 white imps (D:8)
  2 ufetubi
  4 worms
  2 dart slugs
  31 orcs
  8 ball pythons
  6 endoplasms
  4 giant cockroaches
  5 goblins
  8 hobgoblins
  3 quokkas
  5 bats
  2 frilled lizards
  18 kobolds
  3 rats
199 creatures vanquished.

Vanquished Creatures (others)
  18 fungi (D:10)
  17 plants (D:10)
35 creatures vanquished.

Grand Total: 234 creatures vanquished

Table legend: (Time is in decaauts)
 A = Elapsed time spent in this place.
 B = Non-inter-level travel time spent in this place.
 C = Inter-level travel time spent in this place.
 D = Time resting spent in this place.
 E = Time spent auto-exploring this place.
 F = Levels seen in this place.
 G = Mean time per level.
                   A        B        C        D        E       F      G
               +--------+--------+--------+--------+--------+-----+--------+
         Total |  10524 |  10363 |    161 |   1496 |   7488 |  12 |  877.0 |
       Dungeon |  10336 |  10175 |    161 |   1488 |   7457 |  10 | 1033.6 |
         Abyss |    188 |    188 |      0 |      7 |     30 |   2 |   94.0 |
               +--------+--------+--------+--------+--------+-----+--------+

Top non-repeatable levels by time:
    D:10: 1531 daAuts
     D:2: 1482 daAuts
     D:7: 1281 daAuts
     D:1: 1191 daAuts
     D:4: 1164 daAuts
     D:5: 1004 daAuts
     D:6: 949 daAuts
     D:3: 903 daAuts
     D:8: 748 daAuts
 Abyss:3: 103 daAuts
 Abyss:2: 85 daAuts
     D:9: 77 daAuts

Table legend:
 A = Non-vault XP
 B = Vault XP
 C = Vault XP percentage of total XP
 D = Non-vault monster count
 E = Vault monster count
 F = Vault count percentage of total count
                 A         B        C        D         E       F
            +---------+---------+-------+---------+---------+-------
      Total |    7563 |    3002 |  28.4 |     158 |      41 |  20.6
            +---------+---------+-------+---------+---------+-------
        D:1 |      19 |       2 |   9.5 |      12 |       2 |  14.3
        D:2 |      50 |     223 |  81.7 |      17 |       1 |   5.6
        D:3 |      90 |      22 |  19.6 |      17 |      14 |  45.2
        D:4 |     332 |      35 |   9.5 |      17 |       1 |   5.6
        D:5 |     583 |      40 |   6.4 |      12 |       1 |   7.7
        D:6 |    1333 |       0 |   0.0 |      17 |       0 |   0.0
        D:7 |     683 |     863 |  55.8 |      20 |       2 |   9.1
        D:8 |     670 |       0 |   0.0 |      17 |       0 |   0.0
        D:9 |     329 |       0 |   0.0 |       2 |       0 |   0.0
       D:10 |    3474 |    1817 |  34.3 |      24 |      20 |  45.5
    Abyss:2 |       0 |       0 |   N/A |       1 |       0 |   0.0
    Abyss:3 |       0 |       0 |   N/A |       2 |       0 |   0.0
            +---------+---------+-------+---------+---------+-------
